 Dungeon Crawl Stone Soup version 0.29-a0-243-g602b31c20e (webtiles) character file.

Game seed: 11603254312915085611

200 spaghetti the Skirmisher (level 5, 0/63 HPs)
             Began as an Ogre Chaos Knight on Mar 4, 2022.
             Was a Plaything of Xom.
             Slain by an ice beast (13 damage)
             ... on level 4 of the Dungeon.
             The game lasted 00:05:22 (3686 turns).

spaghetti the Skirmisher (Ogre Chaos Knight)        Turns: 3686, Time: 00:05:23

Health: 0/63       AC:  4    Str: 16    XL:     5   Next: 79%
Magic:  5/5        EV: 13    Int:  9    God:    Xom [.*....]
Gold:   178        SH:  0    Dex:  8    Spells: 4/4 levels left

rFire   . . .      SeeInvis .   d - +3 dagger (venom) {short}
rCold   . . .      Faith    .   (no shield)
rNeg    . . .      Spirit   .   b - +2 robe
rPois   .          Reflect  .   (helmet restricted)
rElec   .          Harm     .   (no cloak)
rCorr   .          Rampage  .   (gloves unavailable)
Will    .....                   (boots unavailable)
Stlth   +.........              (no amulet)
HPRegen 0.20/turn               m - +4 ring of evasion
MPRegen 0.09/turn               (no ring)

@: flying
A: large, unfitting armour, tough skin 1, deformed body, dopey 2, weak 1
a: Renounce Religion


You were on level 4 of the Dungeon.
You worshipped Xom.
You were a plaything of Xom.
You visited 1 branch of the dungeon, and saw 4 of its levels.

You collected 178 gold pieces.


Innate Abilities, Weirdness & Mutations

You are too large for most types of armour.
You have tough skin. (AC +1)
Armour fits poorly on your strangely shaped body.
You are very dopey. (Int -4)
You are weak. (Str -2)


   Skills:
 + Level 7.8 Fighting
 - Level 3.2 Maces & Flails
 - Level 2.1 Dodging


You had 4 spell levels left.
You didn't know any spells.
Your spell library contained the following spells:

 Spells                   Type           Power      Damage    Failure   Level
 Sandblast                Erth           0%         2d4       38%         1
 Passwall                 Tmut/Erth      0%         N/A       52%         2
 Dazzling Flash           Conj/Hex       0%         N/A       77%         3
 Stone Arrow              Conj/Erth      0%         3d7       77%         3
 Agony                    Necr           0%         N/A       100%        5
 Silence                  Hex/Air        0%         N/A       100%        5

Inventory:

Hand Weapons
 a - a +0 mace of chaos {mace}
 d - a +3 dagger of venom (weapon) {short}
   (You took it off a goblin on level 1 of the Dungeon)
 j - a +0 dagger of venom {short}
   (You found it on level 2 of the Dungeon)
Missiles
 e - 156 stones (quivered) {throwing}
 f - 6 poisoned darts {throwing}
 n - 6 javelins {throwing}
Armour
 b - a +2 robe (worn)
Jewellery
 m - a +4 ring of evasion (left hand)
   (You found it on level 3 of the Dungeon)
Scrolls
 c - 3 scrolls of teleportation {@r4}
 g - 3 scrolls of identify {@r1}
 k - 2 scrolls of vulnerability {!r!r}
Potions
 h - 2 potions of curing {@q1}
 p - a potion of magic

Dungeon Overview and Level Annotations

Branches:
Dungeon (4/15)
 Temple: D:4-7

Altars:

Shops:
D:3

( * ,, ,, ,+,,, ,* ,,
*,, ,, * , +, , * * **
,##..... ** , ** *,
#.....#* , * ,,,
,+.....#,, ,,, ,, ,
#.....# ,,
##+########.....#+#**##
#.............###.####.
#.....@ยง......#...#....
#.....Y.......#...#....
#.............#'####'##
#....########..........
#....#..# #..........
#....'..# #..........
#....#..# #..........
#......## #..........
######## *#########+#


You could see an ice beast (poisoned).


Message History

๐Ÿ˜• HP[-9]
You take 9 damage, and now have 54/63 hp.
You barely miss the ice beast. The ice beast hits you.
The ice beast freezes you. ๐Ÿ˜ฎ HP[-9]
You take 9 damage, and now have 45/63 hp.
You are too injured to fight recklessly!
You are too injured to fight recklessly!
You are too injured to fight recklessly!
You are too injured to fight recklessly!
You are too injured to fight recklessly!
You are too injured to fight recklessly!
You are too injured to fight recklessly!
You are too injured to fight recklessly!
You are too injured to fight recklessly!
You are too injured to fight recklessly!
You are too injured to fight recklessly!
You are too injured to fight recklessly!
You are too injured to fight recklessly!
You are too injured to fight recklessly!
You are too injured to fight recklessly!
You are too injured to fight recklessly!
You are too injured to fight recklessly!
You hit the ice beast but do no damage.
The ice beast closely misses you. ๐Ÿ˜ฎ HP[+1]
You hit the ice beast but do no damage. The ice beast barely misses you.
You barely miss the ice beast. The ice beast completely misses you.
You hit the ice beast but do no damage.
The ice beast hits you but does no damage.
You closely miss the ice beast.
The ice beast hits you but does no damage.
You closely miss the ice beast.
The ice beast hits you but does no damage. ๐Ÿ˜ฎ HP[+1]
You aren't carrying any items that you can evoke.
Unknown command.
You feel much better.
The ice beast barely misses you. ๐Ÿ˜Ž HP[+16]
Your hp is fully restored (63).
You closely miss the ice beast. The ice beast hits you.
The ice beast freezes you! ๐Ÿ˜• HP[-11]
You take 11 damage, and now have 52/63 hp.
You barely miss the ice beast.
The ice beast hits you but does no damage.
You hit the ice beast but do no damage. The ice beast barely misses you.
You closely miss the ice beast. The ice beast hits you.
The ice beast freezes you! ๐Ÿ˜ฎ HP[-10]
You take 10 damage, and now have 42/63 hp.
You hit the ice beast but do no damage. The ice beast misses you.
You hit the ice beast but do no damage.
The ice beast hits you but does no damage.
It was a potion of flight.
You feel very buoyant.
You fly up into the air.
Xom thinks this is hilarious!
The ice beast closely misses you.
It was a potion of magic.
Magic courses through your body. The ice beast closely misses you.
You closely miss the ice beast. The ice beast hits you.
The ice beast freezes you!
* * * LOW HITPOINT WARNING * * *
๐Ÿ˜จ HP[-13]
You take 13 damage, and now have 29/63 hp.
MASSIVE DAMAGE!! (PAUSE)
You barely miss the ice beast. The ice beast barely misses you.
You barely miss the ice beast. The ice beast misses you.
You hit the ice beast but do no damage.
The ice beast hits you but does no damage.
You hit the ice beast but do no damage.
The ice beast is poisoned.
Xom smirks.
You feel aware of your surroundings. The ice beast hits you.
* * * LOW HITPOINT WARNING * * *
The ice beast freezes you!
* * * LOW HITPOINT WARNING * * *
๐Ÿ˜ฑ HP[-16]
You take 16 damage, and now have 13/63 hp.
MASSIVE DAMAGE!! (PAUSE) ๐Ÿ˜ฑ HP[+1] "Serve the mortal, my child!"
The ice beast hits your crimson imp.
The ice beast freezes your crimson imp!!
Your crimson imp is frozen!
Your crimson imp dies!
Your crimson imp disappears in a puff of smoke!
You aren't carrying any items that you can evoke.
As you read the scroll labelled VUEPTO KIXAUWN, it crumbles to dust.
It is a scroll of brand weapon.
Your +3 dagger {short} drips with poison.
d - a +3 dagger of venom {short} ๐Ÿ˜ฑ HP[+1]
Your +0 dagger of venom {short} stops dripping with poison.
Your +3 dagger of venom {short} begins to drip with poison!
d - a +3 dagger of venom (weapon)
{short} The ice beast hits you.
* * * LOW HITPOINT WARNING * * *
The ice beast freezes you!
You die...
Xom guffaws!

Skill      XL: |  1  2  3  4 |
---------------+-------------+-----
Maces & Flails | 3 |  3.2
Fighting       | 5 7 |  7.8
Dodging        | |  2.1

Action                   |  1- 3 |  4- 6 || total
-------------------------+-------+-------++-------
Melee: Mace              |   114 |    26 ||   140
       Dagger            |       |   103 ||   103
  Use: Potion            |     2 |     6 ||     8
       Scroll            |     1 |     6 ||     7
Armor: Robe              |    55 |    45 ||   100
Dodge: Dodged            |    58 |    81 ||   139

Levels and vault maps discovered:
D:1:      saegor_arrival_simple_e, layout_rooms, serial_bayou_pond_e
D:2:      layout_loops_corners, shapermc_ecumenical_altar_hornbeckon,
          hex_medium, kennysheep_cluttered_room, nrook_loot_triangle
D:3:      layout_basic, serial_shops, shop, minmay_goblin_kobold_house
D:4:      layout_gridville, minmay_temple_entry_mist, kennysheep_another_room,
          nicolae_specific_store, nrook_mini_backslash

Notes
Turn   | Place    | Note
-------+----------+-------------------------------------------
     0 | D:1      | spaghetti the Ogre Chaos Knight began the quest for the
                  | Orb.
     0 | D:1      | Reached XP level 1. HP: 24/24 MP: 1/1
     0 | D:1      | magus.rc [v1.9.6]
    26 | D:1      | XOM: silly message
   100 | D:1      | Reached skill level 3 in Maces & Flails
   105 | D:1      | Reached XP level 2. HP: 28/32 MP: 2/2
   568 | D:1      | Reached XP level 3. HP: 39/41 MP: 3/3
   724 | D:1      | Reached skill level 5 in Fighting
   872 | D:2      | HP: 9/42 [worm (7)]
   889 | D:2      | XOM: 5-stop teleportation journey
  1005 | D:2      | You pick up a book of the Senses and begin reading...
  1005 | D:2      | You add the spells Dazzling Flash, Agony and Silence to
                  | your library.
  1069 | D:2      | XOM: noise
  1120 | D:2      | XOM: swap monsters
  1249 | D:2      | Reached XP level 4. HP: 36/52 MP: 4/4
  1491 | D:2      | XOM: give mutations
  1491 | D:2      | Gained mutation: Armour fits poorly on your strangely
                  | shaped body. [Xom's mischief]
  1491 | D:2      | Gained mutation: You sometimes lose the ability to read
                  | scrolls when taking damage. [Xom's mischief]
  1491 | D:2      | Gained mutation: You are dopey. (Int -2) [Xom's mischief]
  1730 | D:2      | Reached skill level 6 in Fighting
  2089 | D:2      | Found a faded altar of an unknown god.
  2182 | D:2      | XOM: summons 1 hostile demon
  2183 | D:2      | Noticed a red devil
  2204 | D:2      | XOM: summons 3 hostile demons
  2205 | D:2      | Noticed an orange demon
  2406 | D:4      | Noticed a phantom
  2406 | D:4      | XOM: 1-stop teleportation journey
  2409 | D:4      | XOM: summons 3 hostile shadow creatures
  2410 | D:4      | Noticed an ogre
  2420 | D:4      | XOM: 1-stop teleportation journey
  2497 | D:3      | XOM: give mutation
  2497 | D:3      | Lost mutation: Armour fits poorly on your strangely shaped
                  | body. [Xom's mischief]
  2663 | D:3      | Found Eckiorpho's Antique Weapon Emporium.
  2760 | D:3      | XOM: give mutations
  2760 | D:3      | Lost mutation: You sometimes lose the ability to read
                  | scrolls when taking damage. [Xom's mischief]
  2760 | D:3      | Gained mutation: Armour fits poorly on your strangely
                  | shaped body. [Xom's mischief]
  2760 | D:3      | Gained mutation: You are very dopey. (Int -4) [Xom's
                  | mischief]
  2760 | D:3      | Gained mutation: You are weak. (Str -2) [Xom's mischief]
  2769 | D:3      | You pick up a book of Geomancy and begin reading...
  2769 | D:3      | You add the spells Sandblast, Passwall and Stone Arrow to
                  | your library.
  2781 | D:3      | Noticed a centaur
  2794 | D:3      | Killed a centaur
  2795 | D:3      | Reached skill level 7 in Fighting
  2795 | D:3      | Reached XP level 5. HP: 45/62 MP: 5/5
  3656 | D:4      | Noticed an ice beast
  3679 | D:4      | XOM: divination: magic mapping
  3679 | D:4      | HP: 13/63 [ice beast (13)]
  3682 | D:4      | XOM: summons friendly crimson imp
  3686 | D:4      | HP: 13/63 [ice beast (2)]
  3686 | D:4      | Slain by an ice beast

Vanquished Creatures
  A centaur (D:3)
  A jelly (D:3)
  2 adders (D:2)
  2 worms (D:2)
  A dart slug (D:1)
  An orc (D:2)
  3 endoplasms
  A giant cockroach (D:3)
  9 goblins
  7 hobgoblins
  3 jackals
  9 kobolds
  3 quokkas
  9 ball pythons
  2 bats
  3 frilled lizards
  8 rats
65 creatures vanquished.

Table legend:
 A = Non-vault XP
 B = Vault XP
 C = Vault XP percentage of total XP
 D = Non-vault monster count
 E = Vault monster count
 F = Vault count percentage of total count
                 A         B        C        D         E       F
            +---------+---------+-------+---------+---------+-------
      Total |     282 |       5 |   1.7 |      62 |       3 |   4.6
            +---------+---------+-------+---------+---------+-------
        D:1 |      44 |       0 |   0.0 |      25 |       0 |   0.0
        D:2 |      59 |       0 |   0.0 |      19 |       0 |   0.0
        D:3 |     172 |       5 |   2.8 |      14 |       3 |  17.6
        D:4 |       7 |       0 |   0.0 |       4 |       0 |   0.0
            +---------+---------+-------+---------+---------+-------

Illustrated notes

Table legend:
 A = Kills in this place as a percentage of kills in entire the game.
 B = Kills by you in this place as a percentage of kills by you in the entire game.
 C = Kills by friends in this place as a percentage of kills by friends in the entire game.
 D = Other kills in this place as a percentage of other kills in the entire game.
 E = Experience gained in this place as a percentage of experience gained in the entire game.
 F = Experience gained in this place divided by the number of levels of this place that you have seen.
                   A       B       C       D       E      F
               +-------+-------+-------+-------+-------+----------------------
         Total | 100.0 | 100.0 |   N/A |   N/A | 100.0 |  71.8
       Dungeon | 100.0 | 100.0 |   N/A |   N/A | 100.0 |  71.8
               +-------+-------+-------+-------+-------+----------------------

Table legend: (Time is in decaauts)
 A = Elapsed time spent in this place.
 B = Non-inter-level travel time spent in this place.
 C = Inter-level travel time spent in this place.
 D = Time resting spent in this place.
 E = Time spent auto-exploring this place.
 F = Levels seen in this place.
 G = Mean time per level.
                   A        B        C        D        E       F      G
               +--------+--------+--------+--------+--------+-----+--------+
         Total |   3728 |   3632 |     96 |    764 |   2288 |   4 |  932.0 |
       Dungeon |   3728 |   3632 |     96 |    764 |   2288 |   4 |  932.0 |
               +--------+--------+--------+--------+--------+-----+--------+

Top non-repeatable levels by time:
     D:2: 1527 daAuts
     D:3: 1061 daAuts
     D:1: 900 daAuts
     D:4: 239 daAuts
